 Dungeon Crawl Stone Soup version 0.20.1-1-g8b1a95d (webtiles) character file.

124 robba the Insei (level 5, -1/37 HPs)
             Began as a Merfolk Transmuter on Aug 3, 2017.
             Was an Initiate of Okawaru.
             Slain by an orc (3 damage)
             ... on level 3 of the Dungeon.
             The game lasted 00:27:38 (2821 turns).

robba the Insei (Merfolk Transmuter)                Turns: 2821, Time: 00:27:39

Health: -1/37      AC:  4    Str: 11    XL:     5   Next: 8%
Magic:  3/8        EV: 13    Int: 18    God:    Okawaru [......]
Gold:   118        SH:  0    Dex: 16    Spells: 6/9 levels left

rFire    + . .     SeeInvis .   v - -1 morningstar (curse)
rCold    . . .     Gourm    .   (no shield)
rNeg     . . .     Faith    .   i - +1 leather armour
rPois    .         Spirit   .   (no helmet)
rElec    .         Reflect  .   (no cloak)
rCorr    .         Harm     .   (no gloves)
MR       .....                  (no boots)
Stlth    +.........             (no amulet)
Regen    0.2/turn               o - +2 ring of dexterity
MPRegen  0.2/turn               a - ring of protection from fire

@: brilliant, appendage (expiring)
A: change form in water, swift swim, stealthy swim, horns 2
a: End Transformation, Renounce Religion


You were on level 3 of the Dungeon.
You worshipped Okawaru.
Okawaru was noncommittal.
You were not hungry.
You had grown temporary horns.
You visited 1 branch of the dungeon, and saw 3 of its levels.

You collected 118 gold pieces.

Inventory:

Hand Weapons
 f - a +1 mace
 v - a cursed -1 morningstar (weapon)
 z - a +0 blowgun
Missiles
 h - 112 stones (quivered)
 k - 17 poisoned needles
 y - 40 arrows
Armour
 i - a +1 leather armour (worn)
Jewellery
 a - a ring of protection from fire (right hand)
 o - a +2 ring of dexterity (left hand)
Scrolls
 p - a scroll of enchant armour
 s - 2 scrolls of teleportation
 w - a scroll of identify
Potions
 g - a potion of agility {unknown}
 j - 2 potions of magic
 l - a potion of lignification {unknown}
 u - a potion of might {unknown}
Books
 c - a book of Changes

   Spells                             Type                      Level
   a - Beastly Appendage              Transmutation                1
   b - Sticks to Snakes               Transmutation                2
   c - Spider Form                    Transmutation/Poison         3
   d - Ice Form                       Ice/Transmutation            4
   e - Blade Hands                    Transmutation                5
Comestibles
 d - 3 bread rations
 m - a meat ration
 x - 5 chunks of flesh


   Skills:
 + Level 1.4 Fighting
 + Level 0.4 Maces & Flails
 + Level 1.8 Throwing
 + Level 1.2 Armour
 + Level 3.6 Dodging
 + Level 3.7 Unarmed Combat
 + Level 2.6 Spellcasting
 + Level 2.9 Transmutations


You had 6 spell levels left.
You knew the following spells:

 Your Spells              Type           Power        Failure   Level  Hunger
a - Beastly Appendage     Tmut           ###...       1%          1    #......
b - Sticks to Snakes      Tmut           ###.....     1%          2    ##.....


Dungeon Overview and Level Annotations

Branches:
Dungeon (3/15)

Altars:
Elyvilon
Okawaru
Sif Muna


Innate Abilities, Weirdness & Mutations

You revert to your normal form in water.
You are very nimble and swift while swimming.
You are very stealthy in the water. (Stealth+)
You have a pair of horns on your head.


Message History

* * * LOW HITPOINT WARNING * * *
It was a potion of brilliance.
You feel clever all of a sudden.
The orc hits you from afar with a trident.
* * * LOW HITPOINT WARNING * * *
The orc closely misses you. The orc closely misses you. The orc misses you.
You see here a rat corpse.
Okay, then.
Your transformation is almost over.
You closely miss the orc. You headbutt the orc.
You kill the orc!
Okawaru accepts your kill.
The orc hits you from afar with a trident.
* * * LOW HITPOINT WARNING * * *
You hit the orc.
The orc is lightly wounded.
The orc closely misses you. The orc misses you. The orc hits you.
You die...

*,* *,* *,* *,* ####**###
****,* ######### #..,,,.!#
*,,,,, #.......###.#####.#
*,**,*
#.#####.#.#S##.##.###.##o*
#.#####..@oo........o.o..,
#.........#.##.##)###.##.*
#.##.#..###.....).# *,**,*
#.##.#.[########### *,<,,,
#.........# ****,*
#.####)##.# ##### #,*
#.####.##.###...## ###.#
#......##.##.....## #....
#########.#.......## #...#


You could see an adder and 2 orcs.

Vanquished Creatures
  Jessica (D:2)
  An adder (D:2)
  3 worms (D:2)
  A dart slug (D:3)
  4 leopard geckos
  6 orcs (D:3)
  2 giant cockroaches (D:3)
  3 goblins
  4 hobgoblins
  3 jackals (D:1)
  A quokka (D:2)
  2 ball pythons
  11 bats
  5 frilled lizards
  5 kobolds
  7 rats
59 creatures vanquished.

Vanquished Creatures (collateral kills)
  An adder (D:2)
  4 hobgoblins
  2 kobolds
  A bat (D:2)
  A frilled lizard (D:2)
9 creatures vanquished.

Vanquished Creatures (others)
  A goblin (D:1)
1 creature vanquished.

Grand Total: 69 creatures vanquished

Notes
Turn   | Place    | Note
-------+----------+-------------------------------------------
     0 | D:1      | robba the Merfolk Transmuter began the quest for the Orb.
     0 | D:1      | Reached XP level 1. HP: 15/15 MP: 3/3
   163 | D:1      | Reached XP level 2. HP: 11/21 MP: 3/5
   178 | D:1      | Learned a level 2 spell: Sticks to Snakes
  1309 | D:2      | Found an iron altar of Okawaru.
  1319 | D:2      | Became a worshipper of Warmaster Okawaru
  1365 | D:2      | Reached XP level 3. HP: 25/26 MP: 4/6
  1474 | D:2      | Noticed Jessica
  1481 | D:2      | Killed Jessica
  1481 | D:2      | Reached skill level 1 in Throwing
  1483 | D:2      | Reached XP level 4. HP: 30/32 MP: 4/7
  1806 | D:2      | Reached skill level 1 in Armour
  1924 | D:2      | Found a deep blue altar of Sif Muna.
  2189 | D:2      | Found a white marble altar of Elyvilon.
  2349 | D:3      | Learned a level 3 spell: Spider Form
  2741 | D:3      | Reached XP level 5. HP: 31/37 MP: 8/8
  2820 | D:3      | HP: 1/37 [orc/trident (5)]
  2821 | D:3      | Slain by an orc

Skill      XL: |  1  2  3  4 |
---------------+-------------+-----
Dodging        | 3 |  3.6
Throwing       | 1 |  1.8
Armour         | 1 |  1.2
Fighting       | |  1.4
Maces & Flails | |  0.4
Unarmed Combat | |  3.7
Spellcasting   | |  2.6
Transmutations | |  2.9

Action                   |  1- 3 |  4- 6 || total
-------------------------+-------+-------++-------
Melee: Unarmed           |    26 |    10 ||    36
       Headbutt          |     4 |     3 ||     7
       Club              |     9 |       ||     9
       Mace              |    17 |    71 ||    88
       Morningstar       |       |    17 ||    17
       Punch             |       |     1 ||     1
Throw: Stone             |   141 |    87 ||   228
 Cast: Beastly Appendage |     8 |     6 ||    14
       Sticks to Snakes  |     9 |     8 ||    17
       Spider Form       |       |     2 ||     2
  Use: Scroll            |       |    11 ||    11
       Potion            |       |     2 ||     2
  Eat: Chunk             |     2 |     6 ||     8
Armor: Robe              |     1 |       ||     1
       Leather armour    |    54 |    38 ||    92
       Skin              |       |     3 ||     3
Dodge: Dodged            |   114 |   149 ||   263
